 Dungeon Crawl Stone Soup version 0.27-a0-684-g359e429f13 (webtiles) character file.

Game seed: 18184059527103871881

91 Allula97 the Grave Robber (level 4, -1/32 HPs)
             Began as a Demonspawn Necromancer on Mar 20, 2021.
             Succumbed to a kobold's poison
             ... on level 2 of the Dungeon.
             The game lasted 00:09:43 (3728 turns).

Allula97 the Grave Robber (Demonspawn Necromancer)  Turns: 3728, Time: 00:09:44

Health: -1/32      AC:  7    Str:  8    XL:     4   Next: 34%
Magic:  7/7        EV: 10    Int: 17    God:
Gold:   46         SH:  0    Dex: 14    Spells: 2/7 levels left

rFire    . . .     SeeInvis .   (no weapon)
rCold    . . .     Faith    .   (no shield)
rNeg     . . .     Spirit   .   c - +0 ring mail
rPois    .         Reflect  .   (no helmet)
rElec    .         Harm     .   (no cloak)
rCorr    .         Rampage  .   (no gloves)
Will     +....                  (no boots)
Stlth    +.........             (no amulet)
HPRegen  0.10/turn              b - ring of willpower
MPRegen  0.20/turn              (no ring)

@: lethally poisoned (-1 -> -12), berserk cooldown, slowed, very slow
A: icy blue scales 1, magic regeneration
a: no special abilities


You were on level 2 of the Dungeon.
You visited 1 branch of the dungeon, and saw 2 of its levels.

You collected 46 gold pieces.

Inventory:

Hand Weapons
 f - a +2 dagger of draining
 j - a +2 dagger of venom
Missiles
 g - 3 poisoned darts
Armour
 c - a +0 ring mail (worn)
Jewellery
 b - a ring of willpower (right hand)


   Skills:
 * Level 1.3 Fighting
 * Level 1.0 Armour
 * Level 2.1 Dodging
 + Level 1.7 Stealth
 * Level 0.9 Unarmed Combat
 + Level 2.4 Spellcasting
 + Level 5.0 Necromancy
 * Level 1.0 Transmutations


You had 2 spell levels left.
You knew the following spells:

 Your Spells              Type           Power      Damage    Failure   Level
a - Pain                  Necr           76%        1d7       8%          1
b - Animate Skeleton      Necr           38%        N/A       8%          1
c - Vampiric Draining     Necr           9%         2d7       22%         3

Your spell library contained the following spells:

 Spells                   Type           Power      Damage    Failure   Level
 Animate Dead             Necr           9%         N/A       58%         4
 Confusing Touch          Hex            2%         N/A       86%         3
 Gell's Gravitas          Tloc           1%         N/A       86%         3
 Agony                    Necr           19%        N/A       90%         5
 Petrify                  Tmut/Erth      3%         N/A       99%         4
 Metabolic Englaciation   Hex/Ice        1%         N/A       100%        5
 Yara's Violent Unravell  Hex/Tmut       1%         3d3       100%        5


Dungeon Overview and Level Annotations

Branches:
Dungeon (2/15)

Altars:


Innate Abilities, Weirdness & Mutations

You are partially covered in icy blue scales. (AC +2)
You regenerate magic rapidly.


Message History

Your +0 ring mail melds into your body.
Your roots penetrate the ground.
* * * LOW HITPOINT WARNING * * *
You feel sick.
There is a lethal amount of poison in your body!
It was a potion of magic.
Magic courses through your body.
* * * LOW HITPOINT WARNING * * *
You feel sick.
It was a potion of cancellation.
Your magical effects are unravelling.
You feel magically purged.
You feel less wooden.
Your +0 ring mail unmelds from your body.
* * * LOW HITPOINT WARNING * * *
You feel sick.
It was a potion of berserk rage.
A red film seems to cover your vision as you go berserk!
You feel yourself moving faster!
You feel mighty!
* * * LOW HITPOINT WARNING * * *
You feel sick.
You feel a strong urge to attack something.
* * * LOW HITPOINT WARNING * * *
You feel sick.
* * * LOW HITPOINT WARNING * * *
You feel sick.
You feel your anger nearly subside.
* * * LOW HITPOINT WARNING * * *
You feel sick.
You are no longer berserk.
You are exhausted.
You feel yourself slow down.
* * * LOW HITPOINT WARNING * * *
You feel sick.
You aren't carrying any potions.
Unknown command.
As you read the scroll labelled POMMUL UTWI, it crumbles to dust.
It is a scroll of enchant weapon.
Your +1 dagger of venom glows red for a moment.
* * * LOW HITPOINT WARNING * * *
You feel sick.
You die...

.# .# .# .# .## ..# ..##
#+# #..# #.# ##.## #@# #..#
#.# ##.## #.# #.# #..# #.#
#.#
####.####.######.#######.##
...........................
#####.###.##.###.#######.##
#<............###### ##
##..##.##.#...............


There were no monsters in sight!

Vanquished Creatures
  Terence (D:2)
  An adder (D:2)
  A worm (D:2)
  2 dart slugs (D:1)
  2 leopard geckos (D:1)
  4 goblins
  4 hobgoblins
  4 jackals (D:1)
  2 quokkas (D:2)
  3 bats
  3 frilled lizards
  9 kobolds
  5 rats
41 creatures vanquished.

Vanquished Creatures (collateral kills)
  An adder (D:2)
  A leopard gecko (D:2)
  A rat (D:1)
3 creatures vanquished.

Grand Total: 44 creatures vanquished

Notes
Turn   | Place    | Note
-------+----------+-------------------------------------------
     0 | D:1      | Allula97 the Demonspawn Necromancer began the quest for the
                  | Orb.
     0 | D:1      | Reached XP level 1. HP: 13/13 MP: 3/3
   514 | D:1      | Gained mutation: You are partially covered in icy blue
                  | scales. (AC +2) [demonic ancestry]
   514 | D:1      | Reached XP level 2. HP: 16/19 MP: 1/5
  1137 | D:1      | Learned a level 1 spell: Animate Skeleton
  1707 | D:1      | Reached XP level 3. HP: 17/25 MP: 0/6
  2986 | D:2      | Noticed Terence
  2992 | D:2      | Killed Terence
  2993 | D:2      | Reached skill level 1 in Armour
  2993 | D:2      | Reached skill level 5 in Necromancy
  2993 | D:2      | Gained mutation: You regenerate magic rapidly. [demonic
                  | ancestry]
  2993 | D:2      | Reached XP level 4. HP: 25/31 MP: 1/7
  3019 | D:2      | Learned a level 3 spell: Vampiric Draining
  3059 | D:2      | Reached skill level 1 in Fighting
  3623 | D:2      | Reached skill level 1 in Transmutations
  3726 | D:2      | HP: 1/32 [poisoned by a kobold]
  3728 | D:2      | Succumbed to a kobold's poison

Illustrated notes

Levels and vault maps discovered:
D:1:      sevenhm_arrival_forest_fort_large_2, layout_loops_corners,
          minmay_fountain_box
D:2:      layout_basic, uniq_terence

Skill      XL: |  1  2  3  4 |
---------------+-------------+-----
Dodging        | 2 |  2.1
Armour         | 1 |  1.0
Necromancy     | 5 |  5.0
Fighting       | 1 |  1.3
Transmutations | 1 |  1.0
Stealth        | |  1.7
Unarmed Combat | |  0.9
Spellcasting   | |  2.4

Action                   |  1- 3 |  4- 6 || total
-------------------------+-------+-------++-------
Melee: Unarmed           |   116 |    27 ||   143
Throw: Dart              |     1 |       ||     1
 Cast: Pain              |    56 |    14 ||    70
       Animate Skeleton  |     7 |     3 ||    10
  Use: Potion            |       |     4 ||     4
       Scroll            |       |     1 ||     1
 Stab: Sleeping          |     1 |       ||     1
Armor: Ring mail         |    53 |     8 ||    61
Dodge: Dodged            |    74 |    12 ||    86

Table legend: (Time is in decaauts)
 A = Elapsed time spent in this place.
 B = Non-inter-level travel time spent in this place.
 C = Inter-level travel time spent in this place.
 D = Time resting spent in this place.
 E = Time spent auto-exploring this place.
 F = Levels seen in this place.
 G = Mean time per level.
                   A        B        C        D        E       F      G
               +--------+--------+--------+--------+--------+-----+--------+
         Total |   3725 |   3698 |     27 |   1105 |   1913 |   2 | 1862.5 |
       Dungeon |   3725 |   3698 |     27 |   1105 |   1913 |   2 | 1862.5 |
               +--------+--------+--------+--------+--------+-----+--------+

Top non-repeatable levels by time:
     D:1: 2382 daAuts
     D:2: 1343 daAuts
